 Dungeon Crawl Stone Soup version 0.28-a0-1429-gf3d713df7a (webtiles) character file.

Game seed: 14060567237177153432

2197 funkygono the Firebug (level 9, -20/47 HPs)
             Began as a Gargoyle Fire Elementalist on Jan 7, 2022.
             Was an Initiate of Vehumet.
             Demolished by Harold (24 damage)
             ... on level 7 of the Dungeon on Jan 8, 2022.
             The game lasted 00:19:01 (8986 turns).

funkygono the Firebug (Gargoyle Fire Elementalist)  Turns: 8986, Time: 00:19:02

Health: -20/47     AC: 10    Str: 11    XL:     9   Next: 34%
Magic:  10/20      EV: 12    Int: 21    God:    Vehumet [......]
Gold:   55         SH:  0    Dex: 10    Spells: 11/22 levels left

rFire   + . .      SeeInvis .   h - +2 whip
rCold   . . .      Faith    .   (no shield)
rNeg    + . .      Spirit   .   a - +0 robe
rPois   ∞          Reflect  .   (no helmet)
rElec   +          Harm     .   m - +0 cloak
rCorr   .          Rampage  .   (no gloves)
Will    +....                   i - +0 pair of boots of Precision Catastrophes {rF+}
Stlth   ++........              (no amulet)
HPRegen 0.15/turn               f - +4 ring of slaying
MPRegen 0.17/turn               c - ring of willpower

@: marked
A: sickness immunity, AC +6, negative energy resistance 1, electricity
resistance, torment resistance 1, petrification resistance
a: Renounce Religion


You were on level 7 of the Dungeon.
You worshipped Vehumet.
Vehumet was noncommittal.
You visited 2 branches of the dungeon, and saw 8 of its levels.

You collected 342 gold pieces.
You spent 287 gold pieces at shops.

Inventory:

Hand Weapons
 h - a +2 whip (weapon)
 l - a +2 quarterstaff of chaos
 y - a +0 mace of draining
Missiles
 e - 188 stones (quivered)
Armour
 a - a +0 robe (worn)
 b - a +0 leather armour
 i - the +0 pair of boots of Precision Catastrophes (worn) {rF+}
   (You bought it in a shop on level 1 of the Dungeon)

   rF:        It protects you from fire.
 m - a +0 cloak (worn)
 r - a +0 leather armour of fire resistance
 u - the +3 ring mail "Zikoxt" {Rampage rC+++ Str-5 Int+2}
   (You found it on level 4 of the Dungeon)

   Str:       It affects your strength (-5).
   Int:       It affects your intelligence (+2).
   rC:        It renders you almost immune to cold.
   Rampage:   It bestows one free step when moving towards enemies.
Magical Staves
 v - a staff of earth
Jewellery
 c - a ring of willpower (right hand)
 f - a +4 ring of slaying (left hand)
Wands
 k - a wand of flame (23)
 n - a wand of iceblast (7)
 t - a wand of charming (7)
 w - a wand of polymorph (15)
Scrolls
 g - 4 scrolls of magic mapping
 j - 2 scrolls of teleportation
 s - 2 scrolls of acquirement {unknown}
Potions
 d - 2 potions of brilliance
 o - 3 potions of cancellation
 p - 3 potions of lignification
 q - a potion of attraction
 x - a potion of might {unknown}
 z - 2 potions of curing
 A - a potion of flight {unknown}


   Skills:
 + Level 1.4 Fighting
 + Level 2.3 Maces & Flails
 + Level 2.4 Dodging
 - Level 2.1 Stealth
 * Level 7.4 Spellcasting
 * Level 5.2 Conjurations
 * Level 7.5 Fire Magic


You had 11 spell levels left.
You knew the following spells:

 Your Spells              Type           Power      Damage    Failure   Level
a - Foxfire               Conj/Fire      100%       2x1d9     1%          1
b - Scorch                Fire           78%        2d8       1%          2
c - Conjure Flame         Conj/Fire      34%        6-21      1%          3
d - Flame Wave            Conj/Fire      34%        2d7       6%          4
e - Shock                 Conj/Air       72%        1d7       3%          1

Your spell library contained the following spells:

 Spells                   Type           Power      Damage    Failure   Level
 Inner Flame              Hex/Fire       23%        N/A       5%          3
 Beastly Appendage        Tmut           14%        N/A       9%          1
 Summon Small Mammal      Summ           28%        N/A       9%          1
 Wereblood                Tmut           7%         N/A       13%         2
 Call Canine Familiar     Summ           7%         N/A       26%         3
 Spider Form              Tmut/Pois      7%         N/A       26%         3
 Summon Guardian Golem    Hex/Summ       7%         N/A       26%         3
 Swiftness                Air            7%         N/A       26%         3
 Tukima's Dance           Hex            7%         N/A       26%         3
 Airstrike                Air            3%         N/A       63%         4
 Passage of Golubria      Tloc           7%         N/A       63%         4
 Yara's Violent Unravell  Hex/Tmut       3%         3d4       93%         5


Dungeon Overview and Level Annotations

Branches:
Dungeon (7/15)             Temple (1/1) D:6

Altars:
Ashenzari
Cheibriados
Dithmenos
Elyvilon
Fedhas
Gozag
Hepliaklqana
Kikubaaqudgha
Okawaru
Ru
Sif Muna
Uskayaw
Vehumet
Wu Jian
Xom
Yredelemnul
Zin

Shops:
D:1 =:[**   D:4 :   D:6 *

Annotations:
D:7 Harold, Prince Ribbit


Innate Abilities, Weirdness & Mutations

You are immune to sickness and miasma.
Your stone body is resilient. (AC +6)
You are immune to poison.
You resist negative energy. (rN+)
You are resistant to electric shocks. (rElec)
You are resistant to unholy torment.
You are immune to petrification.


Message History

Flames lash Harold.
Harold is moderately wounded.
Harold's fire resistance burns away.
Harold throws a throwing net.
The throwing net hits you.
You become entangled in the net!
Prince Ribbit blinks!
Casting: Scorch (safe; 1% risk of failure)
Confirm with . or Enter, or press ? or * to list all spells.
Flames lash Prince Ribbit.
Prince Ribbit is moderately wounded.
Prince Ribbit's fire resistance burns away.
Harold says, "My wife will appreciate not having to wash blood out of my clothes anymore."
Harold hits you from afar with a +0 halberd!
Prince Ribbit hits you but does no damage.
Casting: Scorch (safe; 1% risk of failure)
Confirm with . or Enter, or press ? or * to list all spells.
Flames lash Harold.
Harold is burned terribly!
Harold is heavily wounded.
Harold hits you from afar with a +0 halberd!
Prince Ribbit closely misses you.
Unknown command.
Casting: Scorch (safe; 1% risk of failure)
Confirm with . or Enter, or press ? or * to list all spells.
Okay, then.
You tear a large gash into the net.
Prince Ribbit barely misses you. Harold barely misses you.
You struggle against the net.
Prince Ribbit blinks!
Harold fires a harpoon shot at you. The harpoon shot hits you!
You are yanked forward by the harpoon shot.
You hit Harold.
Harold is heavily wounded.
Harold hits you with a +0 halberd!
* * * LOW HITPOINT WARNING * * *
Prince Ribbit is no longer more vulnerable to fire.
Harold gestures at you while chanting.
You barely resist.
Prince Ribbit blinks!
There is a stone staircase leading up here.
Harold hits you from afar with a +0 halberd!!
Ouch! That really hurt!
You die...

.#@ ##.... ####
#..#)# ....
#.##.##### #..#
##....#...##
...##..).......##
#.#..[.....@F@(#
#.....F.>.(....#
##.............#
##†..........##
#.#...##...##
#.########## ..#
h... ####.


You could see Harold (combustible), Prince Ribbit and a bullfrog.

Vanquished Creatures
  Eustachio (D:6)
  Duvessa (D:6)
  An ice beast (D:5)
  3 necrophages
  A sky beast (D:6)
  2 ogres
  2 phantoms
  2 scorpions (D:5)
  Dowan (D:6)
  A water moccasin skeleton (D:6)
  5 wights (D:6)
  4 howler monkeys
  4 jellies
  Crazy Yiuf (D:2)
  2 hounds
  A gnoll shaman (D:7)
  3 iguanas
  2 orc wizards
  9 adders
  3 gnolls
  A white imp (D:6)
  4 ufetubi
  An adder skeleton (D:4)
  4 worms
  4 dart slugs
  12 orcs
  2 ball pythons
  8 endoplasms
  3 giant cockroaches
  9 goblins
  6 hobgoblins
  2 jackals (D:4)
  11 kobolds
  4 quokkas
  A bat (D:2)
  4 frilled lizards
  7 rats
132 creatures vanquished.

Vanquished Creatures (others)
  407 foxfires
  A fungus (D:1)
408 creatures vanquished.

Grand Total: 540 creatures vanquished

Notes
Turn   | Place    | Note
-------+----------+-------------------------------------------
     0 | D:1      | funkygono the Gargoyle Fire Elementalist began the quest
                  | for the Orb.
     0 | D:1      | Reached XP level 1. HP: 10/10 MP: 3/3
    53 | D:1      | Found Goffewal's General Store.
   166 | D:1      | Found a faded altar of an unknown god.
   226 | D:1      | Reached XP level 2. HP: 15/15 MP: 0/5
   229 | D:1      | Learned a level 2 spell: Scorch
   302 | D:1      | Found Ceiream's Antique Armour Shop.
   499 | D:1      | Found Kiut's Jewellery Shoppe.
   707 | D:1      | Found Biloafuy's Book Shoppe.
   712 | D:1      | Reached XP level 3. HP: 19/19 MP: 1/6
   716 | D:1      | Learned a level 3 spell: Conjure Flame
   771 | D:1      | Found Aphuofum's General Store.
   776 | D:1      | Bought a scroll of identify for 20 gold pieces
   776 | D:1      | Bought a scroll of identify for 20 gold pieces
  2118 | D:2      | Reached XP level 4. HP: 24/24 MP: 0/8
  2703 | D:2      | Found a runed translucent door.
  2704 | D:2      | Noticed Crazy Yiuf
  2710 | D:2      | Killed Crazy Yiuf
  3096 | D:3      | Found a blossoming altar of Fedhas.
  3186 | D:3      | Reached XP level 5. HP: 28/28 MP: 7/9
  3763 | D:3      | Learned a level 4 spell: Flame Wave
  4150 | D:4      | Noticed an ogre
  4162 | D:4      | Killed an ogre
  4163 | D:4      | Reached XP level 6. HP: 32/32 MP: 4/12
  4299 | D:4      | Identified the +3 ring mail "Zikoxt" {Rampage rC+++ Str-5
                  | Int+2}
  4809 | D:4      | Found an iron altar of Okawaru.
  4899 | D:4      | Found Kierphis's Book Emporium.
  5193 | D:4      | Reached skill level 5 in Fire Magic
  5443 | D:4      | Upgraded the game from 0.28-a0-1415-g7c84da036a to
                  | 0.28-a0-1429-gf3d713df7a
  5492 | D:5      | Entered Level 5 of the Dungeon
  5503 | D:5      | Reached XP level 7. HP: 36/36 MP: 6/14
  5581 | D:5      | Reached skill level 5 in Spellcasting
  5981 | D:5      | Found a glowing silver altar of Zin.
  6232 | D:5      | Reached skill level 1 in Maces & Flails
  6232 | D:5      | Reached XP level 8. HP: 41/41 MP: 8/16
  6798 | D:1      | Bought a pair of distressingly furry boots for 247 gold
                  | pieces
  6798 | D:1      | Identified the +0 pair of boots of Precision Catastrophes
                  | {rF+} (You bought it in a shop on level 1 of the Dungeon)
  6883 | D:5      | Learned a level 1 spell: Shock
  6954 | D:6      | Noticed Eustachio
  7271 | D:6      | Found an ancient bone altar of Kikubaaqudgha.
  7455 | D:6      | Killed Eustachio
  7633 | D:6      | Noticed Dowan
  7637 | D:6      | Killed Dowan
  7637 | D:6      | Noticed Duvessa
  7644 | D:6      | Killed Duvessa
  7764 | D:6      | Reached skill level 1 in Fighting
  7890 | D:6      | Reached XP level 9. HP: 44/47 MP: 16/19
  7943 | D:6      | Found Vaenutuu's Assorted Antiques.
  7990 | D:6      | Found a staircase to the Ecumenical Temple.
  8009 | Temple   | Entered the Ecumenical Temple
  8093 | Temple   | Became a worshipper of Vehumet
  8250 | D:6      | Reached skill level 5 in Conjurations
  8646 | D:6      | Found a snail-covered altar of Cheibriados.
  8848 | D:7      | Noticed Harold
  8976 | D:7      | Noticed Prince Ribbit
  8986 | D:7      | Demolished by Harold

Illustrated notes

Levels and vault maps discovered:
D:1:      nicolae_arrival_somewhat_less_tricky_arrival, layout_loops_ring,
          shapermc_ecumenical_altar_ellora, serial_shops,
          nicolae_shop_statue_plus, shop_coins, nicolae_shop_trees, shop, shop
D:2:      layout_loops_corners, uniq_crazy_yiuf_cottage
D:3:      layout_basic, fedhas_altar_fruit_tree, nicolae_overflow_hidden_temple
D:4:      minmay_razor_zed, layout_layer_cave, okawaru_ov_weapons_minmay,
          serial_shops, shop, minmay_diced_spiral
D:5:      layout_gridville, mainiacjoe_overflow_surrounded_room,
          serial_bayou_pond_e, roderic_lattice_a
D:6:      wad_pebble_path, layout_cave_pods, lemuel_tele_altar,
          mainiacjoe_overflow_brackets, minmay_temple_entry_overgrown,
          serial_shops, nicolae_shop_hallway_plus, st_stairs_13, uniq_eustachio,
          uniq_duvessa
D:7:      layout_rooms, nemelex_diamond_rough_becter, uniq_menkaure,
          uniq_maggie, uniq_harold, uniq_prince_ribbit1
Temple:   nicolae_temple_hex_pool

Skill      XL: |  1  2  3  4  5  6  7  8  9 |
---------------+----------------------------+-----
Spellcasting   | 3 4 5 6 7 |  7.4
Fire Magic     | 4 5 6 7 |  7.5
Conjurations   | 2 3 4 5 |  5.2
Maces & Flails | 1 2 |  2.3
Dodging        | 2 |  2.4
Fighting       | 1 |  1.4
Stealth        | |  2.1

Action                   |  1- 3 |  4- 6 |  7- 9 || total
-------------------------+-------+-------+-------++-------
Melee: Dagger            |     3 |       |       ||     3
       Unarmed           |     1 |       |       ||     1
       Club              |     2 |       |       ||     2
       Whip              |     6 |     7 |    70 ||    83
       Punch             |       |       |     1 ||     1
 Cast: Foxfire           |    47 |    80 |   118 ||   245
       Scorch            |    14 |    14 |    29 ||    57
       Flame Wave        |       |       |     6 ||     6
  Use: Scroll            |     3 |     8 |     3 ||    14
Armor: Robe              |     4 |     1 |    65 ||    70
Dodge: Dodged            |     5 |     4 |    97 ||   106

Table legend: (Time is in decaauts)
 A = Elapsed time spent in this place.
 B = Non-inter-level travel time spent in this place.
 C = Inter-level travel time spent in this place.
 D = Time resting spent in this place.
 E = Time spent auto-exploring this place.
 F = Levels seen in this place.
 G = Mean time per level.
                   A        B        C        D        E       F      G
               +--------+--------+--------+--------+--------+-----+--------+
         Total |   8992 |   8620 |    372 |    644 |   6880 |   8 | 1124.0 |
       Dungeon |   8896 |   8535 |    361 |    644 |   6818 |   7 | 1270.9 |
        Temple |     95 |     84 |     11 |      0 |     62 |   1 |   95.0 |
               +--------+--------+--------+--------+--------+-----+--------+

Top non-repeatable levels by time:
     D:6: 1931 daAuts
     D:1: 1763 daAuts
     D:4: 1752 daAuts
     D:5: 1256 daAuts
     D:2: 1142 daAuts
     D:3: 993 daAuts
  Temple: 95 daAuts
     D:7: 57 daAuts
